 Dungeon Crawl Stone Soup version 0.31-a0-232-gb1c03b2570 (webtiles) character file.

Game seed: 5295763964495416104

269 qw the Shooter (level 6, -1/51 HPs)
             Began as a Minotaur Hexslinger on July 7, 2023.
             Slain by a black bear (3 damage)
             ... on level 4 of the Dungeon.
             The game lasted 00:01:08 (3591 turns).

qw the Shooter (Minotaur Hexslinger)                Turns: 3591, Time: 00:01:08

Health: -1/51      AC:  5    Str: 19    XL:     6   Next: 1%
Magic:  6/6        EV: 11    Int: 10    God:
Gold:   259        SH:  0    Dex: 14    Spells: 6/7 levels left

rFire   . . .        e - +0 shortbow
rCold   . . .        (shield currently unavailable)
rNeg    . . .        j - +0 ring mail
rPois   .            (helmet restricted)
rElec   .            (no cloak)
rCorr   .            (no gloves)
SInv    .            (no boots)
Will    .....        (no amulet)
Stlth   +            c - +6 ring of strength
HPRegen 0.28/turn    (no ring)
MPRegen 0.10/turn

%: no passive effects
@: about to teleport
A: horns 2, retaliatory headbutt
a: no special abilities


You were on level 4 of the Dungeon.
You visited 1 branch of the dungeon, and saw 5 of its levels.

You collected 292 gold pieces.
You spent 33 gold pieces at shops.


Innate Abilities, Weirdness & Mutations

You have a pair of horns on your head.
You reflexively headbutt those who attack you in melee.


   Skills:
 + Level 3.1 Fighting
 - Level 6.0 Ranged Weapons
 - Level 1.9 Armour
 - Level 2.1 Dodging
 - Level 1.0 Spellcasting
 - Level 2.0 Hexes


You had 6 spell levels left.
You knew the following spells:

 Your Spells              Type           Power      Damage    Failure   Level
a - Slow                  Hex            16%        N/A       26%         1

Your spell library contained the following spells:

 Spells                   Type           Power      Damage    Failure   Level
 Inner Flame              Hex/Fire       2%         N/A       75%         3
 Portal Projectile        Hex/Tloc       4%         N/A       75%         3
 Cause Fear               Hex            2%         N/A       95%         4

Inventory:

Hand Weapons
 e - a +0 shortbow (weapon)
Armour
 j - a +0 ring mail (worn)
Jewellery
 c - a +6 ring of strength (left hand)
Scrolls
 b - a scroll of identify
Potions
 a - a potion of haste
 d - a potion of mutation
 f - a potion of curing

Dungeon Overview and Level Annotations

Branches:
Dungeon (5/15)
 Temple: D:4-7

Altars:
Fedhas
Yredelemnul

Shops:
D:4 (

Annotations:
D:1 1 transporter


Message History

You shoot an arrow. The arrow hits the black bear.
The black bear is moderately wounded.
You shoot an arrow.
The arrow closely misses the black bear.
The black bear bites you.
The black bear claws you but does no damage. x2
You shoot an arrow. The arrow hits the black bear.
The black bear is severely wounded.
The black bear barely misses you. The black bear claws you.
The black bear claws you but does no damage.
You shoot an arrow.
The arrow completely misses the black bear.
The black bear bites you. The black bear claws you.
The black bear barely misses you. The black bear bites you.
The black bear closely misses you.
The black bear claws you but does no damage.
You shoot an arrow. The arrow hits the black bear!
The black bear is almost dead.
The black bear goes berserk!
You shoot an arrow.
The arrow closely misses the black bear.
The black bear bites you. The black bear barely misses you.
The black bear closely misses you. The black bear bites you.
The black bear claws you. The black bear misses you.
You shoot an arrow.
The arrow hits the black bear but does no damage.
The black bear is almost dead.
The black bear bites you but does no damage.
The black bear claws you. x2
You shoot an arrow. The arrow barely misses the black bear.
The black bear bites you! The black bear claws you.
The black bear barely misses you. The black bear bites you.
The black bear claws you. The black bear closely misses you.
3591 ||| READING scroll of teleportation.
As you read the scroll of teleportation, it crumbles to dust.
You feel strangely unstable. The black bear bites you.
The black bear claws you but does no damage.
The black bear claws you.
You die...

##..#####..## #...#...........
###.## ##.## ##.....##..#....
....## #..######.....###.##...
##...## #.............##.......
##.#..## ##.............##.......
#.###.[###..............#........
#.# ##..##..................#####
.#####.....7.7.............## #
#...............@h.........# #
#.#####..7.7.7.7...........## #
#.# ##..............##....# # #.#
##7.7.7.7....#####...##### #.##
##.........### #........
#..#####...7.7....# #........
......./.#....##..## ##........
.##....#####..###..# #........#
.......# ##.###..#####.......##


You could see a black bear (berserk).

Vanquished Creatures
  A hound (D:4)
  An orc priest (D:4)
  2 sleepcaps
  Terence (D:3)
  5 adders
  An ufetubus (D:4)
  A worm (D:3)
  A dart slug (D:1)
  8 orcs
  12 bats
  11 endoplasms
  5 giant cockroaches
  4 goblins
  3 hobgoblins (D:1)
  2 quokkas
  3 ball pythons
  A frilled lizard (D:1)
  3 kobolds
  7 rats
  A spectral orc (D:4)
73 creatures vanquished.

Notes
Turn   | Place    | Note
-------+----------+-------------------------------------------
     0 | D:1      | qw the Minotaur Hexslinger began the quest for the Orb.
     0 | D:1      | Reached XP level 1. HP: 16/16 MP: 1/1
     0 | D:1      | 0 ||| qw: Version: 0.3-a-46-gb1f654a
     0 | D:1      | 0 ||| qw: Game counter: 2467
     0 | D:1      | 0 ||| qw: Melee chars always use a shield: true
     0 | D:1      | 0 ||| qw: God list: Okawaru
     0 | D:1      | 0 ||| qw: Allow faded altars: false
     0 | D:1      | 0 ||| qw: Do Orc after clearing Dungeon:15 true
     0 | D:1      | 0 ||| qw: Do second Lair branch before Depths: true
     0 | D:1      | 0 ||| qw: Lair rune preference: random
     0 | D:1      | 0 ||| qw: Goals: Normal
     0 | D:1      | 0 ||| PLANNING D:1-11
   127 | D:1      | Reached skill level 3 in Ranged Weapons
   131 | D:1      | Reached XP level 2. HP: 23/23 MP: 2/2
   265 | D:1      | 265 ||| FLEEEEING.
   266 | D:1      | 266 ||| FLEEEEING.
   267 | D:1      | 267 ||| FLEEEEING.
   268 | D:1      | 268 ||| FLEEEEING.
   284 | D:1      | 284 ||| FLEEEEING.
   285 | D:1      | 285 ||| FLEEEEING.
   302 | D:1      | 302 ||| FLEEEEING.
   525 | D:1      | Reached XP level 3. HP: 29/29 MP: 3/3
   762 | D:1      | 762 ||| READING scroll labelled CAIH GITSIPT.
   763 | D:1      | 763 ||| READING scroll labelled LALETEH CYTHREKH.
   764 | D:1      | 764 ||| READING scroll labelled RICUMA JIQ HUE.
   765 | D:1      | 765 ||| READING scroll labelled URULIDI UCOU.
   766 | D:1      | 766 ||| READING 3 scrolls labelled LOMUCUWOUMUX.
   770 | D:1      | 770 ||| READING scroll labelled VURARGH WAWU.
   771 | D:1      | 771 ||| READING scroll labelled TUAR UXTUTU.
   772 | D:1      | 772 ||| DROPPING scroll of poison.
   883 | D:2      | Reached skill level 4 in Ranged Weapons
  1179 | D:2      | Reached XP level 4. HP: 36/36 MP: 4/4
  1537 | D:2      | 1537 ||| READING scroll labelled FYSUGI GEISACW.
  1538 | D:2      | 1538 ||| READING 2 scrolls of identify.
  1538 | D:2      | 1538 ||| IDENTIFYING red potion
  1595 | D:3      | Found a faded altar of an unknown god.
  1728 | D:3      | Found a blossoming altar of Fedhas.
  1748 | D:3      | Reached skill level 5 in Ranged Weapons
  2054 | D:3      | Noticed Terence
  2059 | D:3      | Killed Terence
  2060 | D:3      | Reached skill level 3 in Fighting
  2060 | D:3      | Reached XP level 5. HP: 34/45 MP: 5/5
  2363 | D:3      | 2363 ||| UPGRADING to +0 ring mail.
  2373 | D:3      | 2373 ||| DROPPING +0 robe.
  2374 | D:3      | 2374 ||| READING scroll labelled FUOTO KUIFA.
  2375 | D:3      | 2375 ||| DRINKING 2 yellow potions.
  2376 | D:3      | 2376 ||| DRINKING 2 bubbling ruby potions.
  2480 | D:3      | 2480 ||| READING 2 scrolls of identify.
  2480 | D:3      | 2480 ||| IDENTIFYING clear potion
  2481 | D:3      | 2481 ||| DROPPING potion of berserk rage.
  2530 | D:4      | Reached skill level 1 in Armour
  2962 | D:4      | Found Erakuopt's Firing Range.
  2974 | D:4      | 2974 ||| BUYING +0 shortbow (33 gold).
  2974 | D:4      | Bought a +0 shortbow for 33 gold pieces
  2974 | D:4      | 2974 ||| SHOPLISTING +1 arbalest of Amortisation
                  | {antimagic, rN+++ Str+3 Dex-3} (511 gold, have 225).
  2974 | D:4      | 2974 ||| SHOPLISTING +1 triple crossbow "Firaumio" {drain,
                  | Str+3 Dex+3} (468 gold, have 225).
  2974 | D:4      | 2974 ||| SWAPPING to +0 shortbow.
  2975 | D:4      | 2975 ||| DROPPING +2 sling of freezing.
  3295 | D:4      | Found a basalt altar of Yredelemnul.
  3451 | D:4      | 3451 ||| UPGRADING to +6 ring of strength.
  3452 | D:4      | 3452 ||| READING 3 scrolls of identify.
  3452 | D:4      | 3452 ||| IDENTIFYING green potion
  3453 | D:4      | 3453 ||| READING 2 scrolls of identify.
  3453 | D:4      | 3453 ||| IDENTIFYING puce potion
  3454 | D:4      | 3454 ||| DROPPING potion of brilliance.
  3455 | D:4      | 3455 ||| DROPPING potion of degeneration.
  3481 | D:5      | Entered Level 5 of the Dungeon
  3486 | D:5      | Noticed a black bear
  3495 | D:5      | Reached skill level 6 in Ranged Weapons
  3495 | D:5      | Reached XP level 6. HP: 33/51 MP: 6/6
  3495 | D:5      | 3495 ||| FLEEEEING.
  3496 | D:5      | 3496 ||| FLEEEEING.
  3497 | D:5      | 3497 ||| STAIRDANCE
  3506 | D:4      | HP: 11/51 [black bear (2)]
  3507 | D:4      | 3507 ||| READING 2 scrolls of teleportation.
  3508 | D:4      | 3508 ||| DRINKING potion of heal wounds.
  3590 | D:4      | HP: 12/51 [black bear (4)]
  3591 | D:4      | 3591 ||| READING scroll of teleportation.
  3591 | D:4      | HP: 2/51 [black bear (4)]
  3591 | D:4      | Slain by a black bear

Levels and vault maps discovered:
D:1:      spicycebolla_arrival_risky_transporter, layout_basic,
          minmay_small_reverse_x
D:2:      layout_loops_ring
D:3:      layout_loops_ring, general_overflow_altar,
          ebering_ecumenical_altar_rust, serial_bayou_pond_d, uniq_terence,
          uniq_crazy_yiuf_cottage
D:4:      layout_layer_cave, yredelemnul_forgotten_temple_becter, serial_forest,
          infiniplex_forest_lined_3, infiniplex_forest_lined_4_way,
          infiniplex_forest_lined_room_2, infiniplex_forest_lined_2,
          infiniplex_forest_zigzag_2, infiniplex_forest_zigzag_1,
          infiniplex_forest_lined_corner, nicolae_shop_firing_range
D:5:      layout_basic, mainiacjoe_overflow_alcove_4, kennysheep_mini_moat,
          cheibriados_altar_1, kennysheep_mini,
          nicolae_uskayaw_murder_on_the_dancefloor, nicolae_overflow_squiral,
          minmay_joined_circles

Skill      XL: |  1  2  3  4  5 |
---------------+----------------+-----
Ranged Weapons | 3 4 5 6 |  6.0
Fighting       | 2 3 |  3.1
Armour         | 1 |  1.9
Dodging        | |  2.1
Spellcasting   | |  1.0
Hexes          | |  2.0

Action                     |  1- 3 |  4- 6 || total
---------------------------+-------+-------++-------
   Fire: Sling             |    83 |    80 ||   163
         Shortbow          |       |    37 ||    37
    Use: Scroll            |     7 |     8 ||    15
         Potion            |       |     3 ||     3
 Armour: Robe              |    10 |     1 ||    11
         Ring mail         |       |    21 ||    21
  Dodge: Dodged            |    25 |    45 ||    70

Table legend:
 A = Non-vault XP
 B = Vault XP
 C = Vault XP percentage of total XP
 D = Non-vault monster count
 E = Vault monster count
 F = Vault count percentage of total count
                 A         B        C        D         E       F
            +---------+---------+-------+---------+---------+-------
      Total |     339 |      46 |  11.9 |      67 |       6 |   8.2
            +---------+---------+-------+---------+---------+-------
        D:1 |      33 |       9 |  21.4 |      21 |       4 |  16.0
        D:2 |      66 |       0 |   0.0 |      18 |       0 |   0.0
        D:3 |      75 |      36 |  32.4 |      13 |       1 |   7.1
        D:4 |     127 |       1 |   0.8 |      14 |       1 |   6.7
        D:5 |      38 |       0 |   0.0 |       1 |       0 |   0.0
            +---------+---------+-------+---------+---------+-------
